 Dungeon Crawl Stone Soup version 0.18.1-47-g9310371 (webtiles) character file.

410 rftp080 the Ruffian (level 6, 0/51 (52) HPs)
             Began as a Ghoul Wizard on June 20, 2016.
             Was a Follower of Okawaru.
             Slain by Edmund
             ... wielding a +5 flail of draining
              (5 damage)
             ... on level 4 of the Dungeon.
             The game lasted 00:08:59 (3683 turns).

rftp080 the Ruffian (Ghoul Wizard)                  Turns: 3683, Time: 00:08:59

HP:   0/51 (52)     AC:  6    Str: 11    XL:     6   Next: 89%
MP:   8/9           EV:  8    Int: 15    God:    Okawaru [*.....]
Gold: 126           SH:  0    Dex:  7    Spells: 3 memorised, 5 levels left

rFire  . . .     SeeInvis .       - Unarmed
rCold  + . .     Gourm    .     n - +0 scale mail
rNeg   + + +     Faith    .     (no shield)
rPois  ∞         Spirit   .     b - +0 hat
rElec  .         Dismiss  .     (no cloak)
rCorr  .         Reflect  .     (no gloves)
SustAt .         Harm     .     (no boots)
MR     .....                    (no amulet)
Stlth  ..........               (no ring)
                                (no ring)

@: very slightly contaminated, rotting, repel missiles, invisible, not resistant
to hostile enchantments, extremely unstealthy
A: rotting body, claws 1, carnivore 3, cold resistance 1, negative energy
resistance 3, slow regeneration 1, torment resistance, unbreathing
a: Heroism, Renounce Religion


You were on level 4 of the Dungeon.
You worshipped Okawaru.
Okawaru was aware of your devotion.
You were not hungry.

You visited 1 branch of the dungeon, and saw 4 of its levels.

You collected 126 gold pieces.

Inventory:

Hand Weapons
 g - a +3 dagger
 u - a +7 dagger of draining
Missiles
 e - 188 stones
 h - 15 poisoned needles
 w - 4 tomahawks (quivered)
Armour
 a - a +0 robe
 b - a +0 hat (worn)
 n - a +0 scale mail (worn)
 x - a cursed +0 ring mail
Jewellery
 s - a cursed -2 ring of dexterity {unknown}
Wands
 f - a wand of flame (25/48)
Scrolls
 i - a scroll of random uselessness {unknown}
 k - 2 scrolls of identify {unknown}
 l - 3 scrolls of blinking {unknown}
 r - 3 scrolls of remove curse {unknown}
Potions
 m - a potion of mutation {unknown}
 o - 2 potions of might {unknown}
 p - a potion of flight {unknown}
 q - 5 potions of curing {unknown}
 t - a potion of brilliance {unknown}
 z - a potion of ambrosia {unknown}
Books
 c - a book of Minor Magic

   Spells                             Type                      Level
   a - Magic Dart                     Conjuration                  1
   b - Blink                          Translocation                2
   c - Call Imp                       Summoning                    2
   d - Repel Missiles                 Charms/Air                   2
   e - Slow                           Hexes                        2
   f - Conjure Flame                  Conjuration/Fire             3
   g - Mephitic Cloud                 Conjuration/Poison/Air       3
Comestibles
 d - 4 meat rations


   Skills:
 + Level 3.7 Fighting
 + Level 2.4 Armour
 - Level 1.7 Dodging
 - Level 2.1 Stealth
 * Level 5.1 Unarmed Combat
 - Level 2.7 Spellcasting
 - Level 0.7 Conjurations
   Level 0.8 Summonings
 - Level 0.8 Translocations


You had 5 spell levels left.
You knew the following spells:

 Your Spells              Type           Power        Failure   Level  Hunger
a - Magic Dart            Conj           #...         89%         1    #......
b - Blink                 Tloc           N/A          95%         2    ##.....
c - Repel Missiles        Chrm/Air       #.....       99%         2    ##.....


Dungeon Overview and Level Annotations

Branches:
Dungeon (4/15)
 Temple: D:4-7

Altars:
Kikubaaqudgha
Okawaru
Pakellas
Vehumet
The Shining One

Annotations:
D:4 Edmund


Innate Abilities, Weirdness & Mutations

Your body is rotting away.
You thrive on raw meat.
You are immune to poison.
You have sharp fingernails.
You are carnivorous and can eat meat at any time.
Your flesh is cold resistant.
You are immune to negative energy.
You regenerate slowly when monsters are visible.
You are immune to unholy pain and torment.
You can survive without breathing.


Message History

Edmund is lightly wounded.
Edmund hits you with a flail of draining!
You scratch Edmund.
Edmund is moderately wounded.
You closely miss Edmund.
Edmund is moderately wounded.
Edmund hits you with a flail of draining!
* * * LOW HITPOINT WARNING * * *
You are too injured to fight recklessly!
There is an open door here.
You feel like a meek peon again.
Drink which item? (? for menu, Esc to quit)
You fade into invisibility!
Edmund hits you with a flail of draining.
* * * LOW HITPOINT WARNING * * *
You are very lightly contaminated with residual magic.
You claw Edmund!
Edmund is heavily wounded.
Edmund hits you with a flail of draining.
You die...

#.......+ #...........
#.......#
.......#...........
#.......# ......
+........... #.......#
#....# #...........
..#####.....
#....#####+###..... ..#
#...... +.....#......#.....
..#
#.......#.....#......#.....
..
#.......#.....#......#.....
.
#.......#.@...#......#.....
#.......#.@...#......#.....
#.....#......#.....
#.....#......#.....
#'##.##..###'#.....
#.##.##..#.......##
#.....#......#.......#
#.....#......#.......#
#.....#......#.......#


You could see Edmund.

Vanquished Creatures
  An ogre (D:4)
  A scorpion (D:4)
  Ijyb (D:1)
  Jessica (D:2)
  A worker ant (D:3)
  An orc wizard (D:3)
  A hound skeleton (D:3)
  3 gnolls (D:4)
  3 adders
  An ooze (D:1)
  3 worms
  3 dart slugs
  7 giant geckos
  4 orcs (D:3)
  2 giant cockroaches
  11 goblins
  6 hobgoblins
  7 jackals
  6 kobolds
  3 ball pythons
  8 bats
  5 giant newts
  6 rats
85 creatures vanquished.

Notes
Turn   | Place    | Note
--------------------------------------------------------------
     0 | D:1      | rftp080 the Ghoul Wizard began the quest for the Orb.
     0 | D:1      | Reached XP level 1. HP: 14/14 MP: 3/3
   258 | D:1      | Reached skill level 1 in Unarmed Combat
   258 | D:1      | Reached XP level 2. HP: 18/22 MP: 4/4
   276 | D:1      | Learned a level 2 spell: Blink
   279 | D:1      | Learned a level 2 spell: Repel Missiles
   308 | D:1      | Reached skill level 1 in Fighting
   311 | D:1      | You fall through a shaft!
   589 | D:2      | Reached XP level 3. HP: 26/27 MP: 6/6
   616 | D:2      | Reached skill level 2 in Unarmed Combat
   684 | D:1      | Found a glowing golden altar of the Shining One.
  1297 | D:2      | Noticed Ijyb
  1367 | D:1      | Killed Ijyb
  1367 | D:1      | Reached skill level 3 in Unarmed Combat
  1367 | D:1      | Reached XP level 4. HP: 5/36 MP: 7/7
  1572 | D:2      | Noticed Jessica
  1590 | D:2      | Killed Jessica
  1590 | D:2      | Reached skill level 1 in Armour
  1590 | D:2      | Reached XP level 5. HP: 12/42 MP: 8/8
  1733 | D:2      | Found an iron altar of Okawaru.
  1851 | D:2      | Became a worshipper of Warmaster Okawaru
  2012 | D:3      | Found an oddly glowing altar of Pakellas.
  2236 | D:3      | Reached skill level 4 in Unarmed Combat
  2544 | D:3      | Reached XP level 6. HP: 22/51 MP: 9/9
  2620 | D:3      | Found an ancient bone altar of Kikubaaqudgha.
  2627 | D:3      | Found a radiant altar of Vehumet.
  3328 | D:4      | Reached * piety under Okawaru
  3328 | D:4      | Reached skill level 5 in Unarmed Combat
  3667 | D:4      | Noticed Edmund
  3683 | D:4      | Slain by Edmund

Skill      XL: |  1  2  3  4  5  6 |
---------------+-------------------+-----
Unarmed Combat | 1 3 4 5 |  5.1
Fighting       | 1 2 3 |  3.7
Armour         | 1 2 |  2.4
Dodging        | |  1.7
Stealth        | |  2.1
Spellcasting   | |  2.7
Conjurations   | |  0.7
Summonings     | |  0.8
Translocations | |  0.8

Action                   |  1- 3 |  4- 6 || total
-------------------------+-------+-------++-------
Melee: Unarmed           |   186 |   341 ||   527
       Punch             |     1 |     2 ||     3
Throw: Tomahawk          |       |     7 ||     7
 Cast: Magic Dart        |     7 |       ||     7
       Repel Missiles    |     1 |       ||     1
Invok: Heroism           |       |     1 ||     1
  Use: Potion            |     1 |     3 ||     4
  Eat: Chunk             |    12 |    54 ||    66
Armor: Robe              |     8 |       ||     8
       Scale mail        |    69 |   151 ||   220
Dodge: Dodged            |    66 |   135 ||   201
       Deflected         |       |     1 ||     1
